 Dungeon Crawl Stone Soup version 0.23.2-1-ga50397a (webtiles) character file.

Game seed: 14981182292985428147

34806 ohad the Black Belt (level 13, -4/110 HPs)
             Began as an Octopode Transmuter on May 21, 2019.
             Was an Initiate of Gozag.
             Slain by an elephant (9 damage)
             ... on level 5 of the Lair of Beasts.
             The game lasted 00:54:15 (20257 turns).

ohad the Black Belt (Octopode Transmuter)          Turns: 20257, Time: 00:54:16

Health: -4/110     AC:  8    Str:  9    XL:     13   Next: 79%
Magic:  19/19      EV: 15    Int: 25    God:    Gozag
Gold:   1169       SH:  0    Dex: 12    Spells: 5/20 levels left

rFire    + . .     SeeInvis +     - Unarmed
rCold    + + +     Gourm    .   (shield currently unavailable)
rNeg     . . .     Faith    .   (helmet currently unavailable)
rPois    +         Spirit   .   (no amulet)
rElec    +         Reflect  .   s - +2 ring of intelligence
rCorr    +         Harm     .   t - ring of resist corrosion
MR       .....                  D - ring of Gyesangu {rElec rF++ AC+2 Int+4 Stlth-}
Stlth    +.........             E - ring of stealth
HPRegen  0.28/turn              M - ring of flight
MPRegen  0.16/turn              Q - ring of wizardry
                                R - ring "Dojyc" {+Fly rElec Str-2 Slay+5 SInv}
                                (no ring)

@: confused, ice-form, gold aura
A: large, almost no armour, stealthy swim, amphibious, 8 rings, (constrict 8)
a: End Transformation, Potion Petition, Call Merchant, Bribe Branch, Renounce
Religion, Evoke Flight


You were on level 5 of the Lair of Beasts.
You worshipped Gozag.
Gozag was most pleased with you.
You were not hungry.
You were a creature of crystalline ice.
You visited 3 branches of the dungeon, and saw 19 of its levels.
You visited 1 bazaar.

You collected 4392 gold pieces.
You spent 1873 gold pieces at shops.
You paid 1350 gold pieces to Gozag.

Inventory:

Hand Weapons
 q - a +6 flail of protection
Missiles
 a - 325 arrows
 f - 67 poisoned needles
 y - 8 tomahawks (quivered)
Magical Staves
 n - an uncursed staff of poison {unknown}
 x - an uncursed staff of power {unknown}
 F - an uncursed staff of fire {unknown}
Jewellery
 s - a +2 ring of intelligence (left front paw)
 t - a ring of resist corrosion (right front paw)
 D - the ring of Gyesangu (on tentacle) {rElec rF++ AC+2 Int+4 Stlth-}
   (You bought it in a shop on level 5 of the Dungeon)

   [ring of protection]

   It affects your AC (+2).
   It affects your intelligence (+4).
   It greatly protects you from fire.
   It insulates you from electricity.
   It makes you less stealthy.
 E - a ring of stealth (on tentacle)
 M - a ring of flight (on tentacle)
 O - an uncursed ring of fire
 Q - a ring of wizardry (on tentacle)
 R - the ring "Dojyc" (on tentacle) {+Fly rElec Str-2 Slay+5 SInv}
   (You bought it in a shop on level 9 of the Dungeon)

   [ring of see invisible]

   It affects your strength (-2).
   It affects your accuracy and damage with ranged weapons and melee attacks
   (+5).
   It insulates you from electricity.
   It lets you see invisible.
   It lets you fly.
Wands
 e - a wand of random effects (27)
 r - a wand of iceblast (23)
 A - a wand of digging (6)
 B - a wand of polymorph (11)
Scrolls
 b - 14 scrolls of remove curse
 d - a scroll of random uselessness {unknown}
 g - 5 scrolls of amnesia
 h - a scroll of holy word {unknown}
 l - 4 scrolls of fog
 m - 2 scrolls of noise
 o - 3 scrolls of magic mapping
 p - 4 scrolls of teleportation
 u - a scroll of enchant armour
 G - a scroll of blinking {unknown}
 H - a scroll of acquirement {unknown}
 I - a scroll of immolation {unknown}
 K - a scroll of torment {unknown}
 L - 3 scrolls of fear {unknown}
 N - 3 scrolls of enchant weapon
 P - a scroll of identify
 T - a scroll of silence {unknown}
Potions
 i - 7 potions of curing
 j - a potion of ambrosia
 k - 7 potions of flight
 v - a potion of lignification
 w - a potion of resistance
 z - 3 potions of brilliance
 C - a potion of mutation
 J - 2 potions of cancellation
 U - a potion of haste
Miscellaneous
 S - a lamp of fire
Comestibles
 c - 10 rations


   Skills:
 - Level 9.9 Fighting
 - Level 9.9 Dodging
 - Level 2.4 Stealth
 + Level 16.6 Unarmed Combat
 - Level 4.1 Spellcasting
 - Level 5.1 Transmutations
 - Level 3.6 Ice Magic


You had 5 spell levels left.
You knew the following spells:

 Your Spells              Type           Power        Failure   Level  Hunger
a - Beastly Appendage     Tmut           ####..       1%          1    None
b - Sticks to Snakes      Tmut           ####....     1%          2    None
c - Spider Form           Tmut/Pois      ###.......   4%          3    ##.....
d - Ice Form              Ice/Tmut       ####....     6%          4    ####...
e - Blade Hands           Tmut           ####......   12%         5    #####..

Your spell library contained the following spells:

 Spells                   Type           Power        Failure   Level  Hunger
 Magic Dart               Conj           #...         3%          1    None
 Blink                    Tloc           N/A          6%          2    None
 Call Imp                 Summ           #.......     6%          2    None
 Slow                     Hex            #.......     6%          2    None
 Conjure Flame            Conj/Fire      #.......     11%         3    ##.....
 Mephitic Cloud           Conj/Pois/Air  #.......     11%         3    ##.....


Dungeon Overview and Level Annotations

Branches:
Dungeon (13/15)            Temple (1/1) D:4            Lair (5/6) D:9
 Shoals (0/4) Lair:2       Spider (0/4) Lair:2          Orc (0/2) D:9
  Slime: Lair:5-6    Vaults: D:13-14

Altars:
Ashenzari
Cheibriados
Dithmenos
Elyvilon
Fedhas
Gozag
Hepliaklqana
Kikubaaqudgha
Makhleb
Nemelex Xobeh
Okawaru
Qazlal
Ru
Sif Muna
Trog
Uskayaw
Vehumet
Wu Jian
Xom
Yredelemnul
Zin
The Shining One
Beogh

Shops:
D:5 =   D:7 (   D:9 =   D:13 (   Lair:4 :

Annotations:
D:2 Natasha


Innate Abilities, Weirdness & Mutations

You cannot wear most types of armour.
You are very stealthy in the water. (Stealth+)
You are amphibious.
You can wear up to eight rings at the same time.
((You can use your tentacles to constrict eight enemies at once.))
((Your skin changes colour to match your surroundings (Stealth+).))
((Your rubbery body absorbs attacks. (AC +1, EV +1)))


Message History

* * * LOW HITPOINT WARNING * * *
You hold your ground!
The elephant completely misses you. The elephant misses you.
The elephant barely misses you.
Unknown command.
You pummel the elephant!! You freeze the elephant.
The elephant is moderately wounded.
The elephant tramples you but does no damage.
The elephant trunk-slaps you but does no damage.
The elephant closely misses you.
The elephant trunk-slaps you but does no damage.
Unknown command.
You bump into the rock wall.
The elephant tramples you!
* * * LOW HITPOINT WARNING * * *
You hold your ground!
The elephant closely misses you. The elephant misses you. x2
Unknown command.
You hit the elephant. You freeze the elephant.
The elephant is heavily wounded.
The elephant tramples you!
You die...
Your body crumbles into a pile of gold.

..#.....P....##...
..................
#.#......#........
..................
......>...........
.........<........
..................
#...#.#Y#Y#..#.P##
### #.##Y##### ##
# ###


You could see 2 elephants.

Vanquished Creatures
  Erolcha (D:12)
  4 hydras
  Harold (D:10)
  An unseen horror (D:12)
  Pikel (D:7)
  An ugly thing (D:12)
  3 manticores
  Maurice (D:8)
  2 black mambas (Lair:2)
  9 elephants
  6 spiny frogs
  A rime drake (Lair:4)
  A rime drake (shapeshifter) (D:13)
  2 komodo dragons
  4 jumping spiders (Lair:2)
  3 trolls
  2 polar bears (Lair:4)
  4 blink frogs (Lair:1)
  8 hippogriffs
  3 redbacks (Lair:2)
  Sigmund (D:4)
  30 yaks
  2 wyverns
  A human (D:8)
  3 hogs (D:8)
  Menkaure (D:4)
  Edmund (D:4)
  An acid dragon (D:12)
  5 water moccasins
  5 porcupines
  2 slaves (D:7)
  5 sky beasts
  5 black bears
  8 orc warriors
  6 ice beasts
  A hornet zombie (D:7)
  An eye of draining (D:10)
  A necrophage (D:10)
  10 wolves
  7 ogres
  4 phantoms
  7 crocodiles
  12 centaurs
  19 bullfrogs
  2 scorpions
  A water moccasin skeleton (D:7)
  10 killer bees
  3 howler monkeys
  3 wights (D:9)
  A centaur zombie (D:7)
  6 crimson imps
  A quasit (D:5)
  9 hounds
  3 jellies
  8 orc priests
  11 orc wizards
  Ijyb (D:4)
  Natasha (D:2)
  Terence (D:2)
  3 hell rats (D:8)
  6 iguanas
  8 worker ants
  A hound zombie (D:8)
  A hound skeleton (D:8)
  A worker ant zombie (D:9)
  3 gnolls (D:7)
  13 adders
  4 river rats (D:8)
  2 shadow imps (D:6)
  An ooze (D:2)
  2 adder skeletons (D:6)
  2 adder zombies
  4 worms
  A dart slug (D:2)
  10 leopard geckos
  38 orcs
  2 ball pythons
  8 bats
  6 giant cockroaches
  12 goblins
  6 hobgoblins
  13 jackals
  8 kobolds
  8 quokkas
  4 frilled lizards
  A leopard gecko skeleton (D:8)
  A quokka zombie (D:9)
  20 rats
446 creatures vanquished.

Vanquished Creatures (collateral kills)
  Snorg (Lair:3)
  A merfolk siren (Lair:2)
  A phantom (D:4)
  A bullfrog (Lair:2)
  A hound (D:10)
  A bullfrog skeleton (D:12)
  An orc wizard (D:9)
  An adder (D:4)
  An adder skeleton (D:8)
  An orc (D:8)
  A ball python (D:6)
11 creatures vanquished.

Vanquished Creatures (others)
  An ogre (D:4)
  An orc wizard (D:7)
  3 fungi (D:9)
  8 plants
13 creatures vanquished.

Grand Total: 470 creatures vanquished

Notes
Turn   | Place    | Note
-------+----------+-------------------------------------------
     0 | D:1      | ohad the Octopode Transmuter began the quest for the Orb.
     0 | D:1      | Reached XP level 1. HP: 13/13 MP: 3/3
   331 | D:1      | Reached XP level 2. HP: 14/18 MP: 3/5
   816 | D:1      | Learned a level 2 spell: Sticks to Snakes
   853 | D:2      | Reached XP level 3. HP: 14/23 MP: 4/6
  1209 | D:2      | Learned a level 3 spell: Spider Form
  1321 | D:2      | Noticed Terence
  1330 | D:2      | Killed Terence
  1330 | D:2      | Reached XP level 4. HP: 15/28 MP: 3/7
  1744 | D:2      | Noticed Natasha
  1759 | D:2      | Killed Natasha
  1759 | D:2      | Reached skill level 5 in Transmutations
  1759 | D:2      | Reached XP level 5. HP: 20/33 MP: 8/8
  2029 | D:2      | Noticed Natasha
  3525 | D:4      | Noticed an ogre
  3526 | D:4      | Noticed Ijyb
  3590 | D:3      | Learned a level 4 spell: Ice Form
  3775 | D:4      | Noticed Sigmund
  3820 | D:4      | Killed Sigmund
  3820 | D:4      | Reached XP level 6. HP: 30/38 MP: 5/12
  3874 | D:4      | Noticed a black bear
  3885 | D:4      | Killed a black bear
  3939 | D:4      | Noticed a phantom
  4174 | D:4      | Noticed Menkaure
  4181 | D:4      | Reached XP level 7. HP: 26/43 MP: 13/13
  4438 | D:4      | Killed Menkaure
  4620 | D:4      | Noticed Edmund
  4710 | D:4      | Killed Edmund
  4856 | D:4      | Killed Ijyb
  4870 | D:4      | Found a staircase to the Ecumenical Temple.
  4965 | Temple   | Entered the Ecumenical Temple
  5077 | Temple   | Became a worshipper of Gozag Ym Sagoz the Greedy
  5187 | D:4      | Found a roughly hewn altar of Beogh.
  5363 | D:5      | Entered Level 5 of the Dungeon
  5377 | D:5      | Reached XP level 8. HP: 47/52 MP: 5/14
  5576 | D:5      | Reached skill level 4 in Unarmed Combat
  5734 | D:5      | Reached skill level 5 in Unarmed Combat
  5892 | D:5      | Found Rureq's Jewellery Emporium.
  6172 | D:5      | Learned a level 5 spell: Blade Hands
  6261 | D:5      | Reached skill level 6 in Unarmed Combat
  6712 | D:5      | Found a stormy altar of Qazlal.
  6767 | D:6      | Reached skill level 7 in Unarmed Combat
  6767 | D:6      | Reached XP level 9. HP: 52/57 MP: 10/15
  7348 | D:6      | Reached skill level 5 in Dodging
  7520 | D:6      | Reached skill level 1 in Stealth
  7875 | D:7      | Reached skill level 5 in Fighting
  8700 | D:7      | Found Jomalag's Weapon Shoppe.
  8862 | D:7      | Noticed Pikel
  8869 | D:7      | Killed Pikel
  8869 | D:7      | Reached XP level 10. HP: 62/71 MP: 11/16
  9322 | D:5      | Bought the ring of Gyesangu {rElec rF++ AC+2 Int+4 Stlth-}
                  | for 582 gold pieces
  9322 | D:5      | Bought an uncursed ring of stealth for 210 gold pieces
  9413 | D:8      | Noticed Maurice
  9735 | D:8      | Reached skill level 8 in Unarmed Combat
  9982 | D:8      | Killed Maurice
  9982 | D:8      | Reached skill level 9 in Unarmed Combat
 10601 | D:8      | Reached skill level 10 in Unarmed Combat
 10986 | D:8      | Found the +2 ratskin cloak {+Rats rPois rN+ Str-1 Int-1
                  | Dex+1}
 11201 | D:9      | Reached XP level 11. HP: 75/75 MP: 8/17
 11248 | D:9      | Reached skill level 11 in Unarmed Combat
 11363 | D:9      | Found a flagged portal.
 11900 | D:9      | Found a staircase to the Orcish Mines.
 11948 | D:9      | Reached skill level 12 in Unarmed Combat
 12212 | D:9      | Found a staircase to the Lair.
 12265 | D:9      | You fall through a shaft for 3 floors!
 12265 | D:12     | Found a flickering gateway to a bazaar.
 12288 | D:12     | Noticed a seven-headed hydra
 12294 | D:12     | Found a gate leading to a gauntlet.
 12298 | Bazaar   | Entered a bazaar
 12312 | Bazaar   | Found Fuxonn's Antique Armour Emporium.
 12312 | Bazaar   | Found Hen Gide's Book Shoppe.
 12342 | Bazaar   | Found Egietuw's Assorted Antiques.
 12360 | Bazaar   | Found Axasol's Gadget Emporium.
 12385 | Bazaar   | Found Tevavvoca's Gadget Emporium.
 12477 | Bazaar   | Bought a scroll of identify for 70 gold pieces
 12477 | Bazaar   | Bought a potion of might for 140 gold pieces
 12477 | Bazaar   | Bought a scroll labeled WAOHA KAANUAR for 35 gold pieces
 12477 | Bazaar   | Bought a scroll labeled WUTANL INAOHE for 35 gold pieces
 12477 | Bazaar   | Bought a scroll labeled WAOHA KAANUAR for 35 gold pieces
 12604 | D:12     | Noticed Erolcha
 12612 | D:12     | Killed Erolcha
 12850 | D:13     | Found Rewomats's Antique Weapon Emporium.
 12888 | D:13     | Noticed a manticore
 12901 | D:13     | Killed a manticore
 13263 | D:12     | Noticed a white ugly thing
 13263 | D:12     | Identified the +5 shortbow "Arbiter" {venom, +Inv rC- rN++
                  | Dex+4}
 13275 | D:12     | Killed a white ugly thing
 13308 | D:12     | Killed an unseen horror
 13397 | D:12     | Noticed a manticore
 13406 | D:12     | Killed a manticore
 13830 | D:12     | Reached XP level 12. HP: 50/81 MP: 6/18
 14166 | D:10     | Entered Level 10 of the Dungeon
 14378 | D:10     | Reached skill level 13 in Unarmed Combat
 14734 | D:10     | Noticed Harold
 14750 | D:10     | Killed Harold
 14945 | D:10     | You fall through a shaft for 2 floors!
 15671 | D:9      | Bought the ring "Dojyc" {+Fly rElec Str-2 Slay+5 SInv} for
                  | 766 gold pieces
 15681 | Lair:1   | Entered Level 1 of the Lair of Beasts
 15707 | Lair:1   | Reached skill level 14 in Unarmed Combat
 16779 | Lair:2   | Found a staircase to the Shoals.
 17026 | Lair:2   | Found a hole to the Spider Nest.
 17058 | Lair:2   | HP: 5/103 [jumping spider (5)]
 18045 | Lair:3   | Reached XP level 13. HP: 92/92 MP: 17/19
 18230 | Lair:3   | Noticed Snorg
 18240 | Lair:3   | Killed Snorg
 18319 | Lair:3   | Reached skill level 15 in Unarmed Combat
 18378 | Lair:3   | Found a hide-covered altar of Uskayaw.
 19554 | Lair:4   | Reached skill level 16 in Unarmed Combat
 20256 | Lair:5   | HP: 1/110 [elephant (13)]
 20257 | Lair:5   | Slain by an elephant

Skill      XL: |  1  2  3  4  5  6  7  8  9 10 11 12 13 |
---------------+----------------------------------------+-----
Transmutations | 3 4 5 |  5.1
Spellcasting   | 4 |  4.1
Ice Magic      | 2 3 |  3.6
Fighting       | 3 7 9 |  9.9
Dodging        | 3 4 7 9 |  9.9
Unarmed Combat | 7 10 12 14 16 | 16.6
Stealth        | 2 |  2.4

Action                   |  1- 3 |  4- 6 |  7- 9 | 10-12 | 13-15 || total
-------------------------+-------+-------+-------+-------+-------++-------
Melee: Unarmed           |    72 |   141 |   283 |   613 |   152 ||  1261
       Constrict         |    21 |    27 |     8 |     7 |       ||    63
       Tentacles         |    11 |    12 |     5 |     5 |       ||    33
       Kick              |     9 |    19 |       |       |       ||    28
       Punch             |     1 |     1 |     1 |     3 |       ||     6
 Cast: Beastly Appendage |    11 |    14 |       |       |       ||    25
       Spider Form       |     1 |     6 |     8 |     4 |       ||    19
       Sticks to Snakes  |       |     3 |    17 |    48 |    15 ||    83
       Ice Form          |       |       |    26 |    53 |    16 ||    95
Invok: Call Merchant     |       |       |       |     1 |     1 ||     2
       Potion Petition   |       |       |       |     1 |       ||     1
  Use: Potion            |       |     2 |       |     6 |     2 ||    10
       Scroll            |       |     1 |       |    16 |     3 ||    20
 Stab: Sleeping          |     6 |     7 |     3 |     3 |     1 ||    20
       Distracted        |       |       |     1 |     9 |       ||    10
  Eat: Chunk             |     1 |    11 |     4 |       |       ||    16
       Ration            |       |       |     5 |    12 |     3 ||    20
Armor: Skin              |     9 |     7 |    39 |   129 |    26 ||   210
Dodge: Dodged            |    55 |    89 |   154 |   341 |   115 ||   754
